[Event "Late-Titled-Tuesday-Blitz-June-18-2024"]
[Site "Chess.com"]
[Date "2024.06.18"]
[Round "11"]
[White "pompey831"]
[Black "gabduschew"]
[Result "0-1"]
[WhiteElo "2489"]
[BlackElo "2377"]
[TimeControl "180+1"]
[EndTime "16:06:51 PDT"]
[Termination "gabduschew won on time"]

1. d4 Nf6 2. c4 e5 3. dxe5 Ng4 4. Bf4 Nc6 5. Nf3 Bb4+ 6. Nbd2 Qe7 7. a3 Ngxe5 8. Nxe5 Nxe5 9. e3 Bxd2+ 10. Qxd2 d6 11. Be2 O-O 12. O-O a5 13. b3 b6 14. Rac1 Bb7 15. Bg3 Rfd8 16. f3 f5 17. Qc3 Ng6 18.
Rfe1 Re8 19. Bd3 Qg5 20. Bc2 Re7 21. Qd3 Rf8 22. Kh1 h5 23. Bf2 Ne5 24. Qd1 h4 25. h3 Ng4 26. hxg4 fxg4 27. e4 h3 28. f4 Qxf4 29.
Re2 hxg2+ 30. Kxg2 Qf3+ 31. Kg1 g3 32. Bd4 c5 33.
Bb2 Re6 34. Qd2 Rh6 35. Rg2 Qg4 36. Qc3 Qf3 0-1

[Event "Late-Titled-Tuesday-Blitz-June-18-2024"]
[Site "Chess.com"]
[Date "2024.06.18"]
[Round "11"]
[White "marvinguevara"]
[Black "Andrii_Prydun"]
[Result "1-0"]
[WhiteElo "2194"]
[BlackElo "2355"]
[TimeControl "180+1"]
[EndTime "16:06:51 PDT"]
[Termination "marvinguevara won on time"]

1. e4 c6 2. d4 d5 3. e5 Be6 4.
Bd3 Nd7 5. f4 Nh6 6. h3 c5 7. g4 c4 8. Be2 g6 9. Be3 Rb8 10. Qd2 Qb6 11. Nc3 Ng8 12. Nf3 h5 13.
O-O-O Qc6 14. Ng5 b5 15. Rdf1 b4 16. Nd1 b3 17. Kb1 Qa4 18. cxb3 cxb3 19. Nc3 bxa2+ 20. Ka1 Qb3 21. Bd1 Qb4 22. f5 gxf5 23. gxf5 Bxf5 24.
Rxf5 Nh6 25. Rf2 Nb6 26. Bxh5 Nc4 27. Qc1 Kd8 28. Rxf7 Nxf7 29. Nxf7+ Kc8 30. Nxh8 Bg7 31.
Nf7 a5 32. Bg4+ Kb7 33. Rh2 a4 34. Nxd5 Qb3 35. Bg1 Ka6 36. Rc2 Rc8 37. Rc3 1-0

[Event "Late-Titled-Tuesday-Blitz-June-18-2024"]
[Site "Chess.com"]
[Date "2024.06.18"]
[Round "11"]
[White "LidongW"]
[Black "protectiago"]
[Result "1-0"]
[WhiteElo "2330"]
[BlackElo "2137"]
[TimeControl "180+1"]
[EndTime "16:06:51 PDT"]
[Termination "LidongW won on time"]

1. e4 c5 2. c3 Nc6 3. d4 cxd4 4.
cxd4 Nf6 5. Nc3 d6 6. h3 g6 7. Nf3 Bg7 8. Be3 O-O 9. Qd2 Qa5 10. Bc4 a6 11. Bb3 b5 12. Bc2 b4 13. Ne2 Qc7 14.
O-O a5 15. a4 Ba6 16. Rfe1 Rfc8 17. Rac1 Qb7 18. Ng3 b3 19. Bb1 Nb4 20. Bh6 Rxc1 21. Rxc1 Bh8 22. Rc3 Rc8 23. Rxb3 Qd7 24. Ra3 Ne8 25.
b3 Nc7 26. Qg5 Ne6 27. Qd2 Qc7 28. Be3 Bg7 29. Ne2 h6 30. Ra1 d5 31. e5 Kh7 32.
Ng3 Qb6 33. h4 Nc6 34. h5 Qxb3 35. Bc2 Qc4 36. hxg6+ fxg6 37. Rc1 Qb4 38. Qd1 Bc4 39. Nh5 Ncd8 40. Nh4 Nf8 41. Nxg7 Kxg7 42. Qg4 1-0

[Event "Late-Titled-Tuesday-Blitz-June-18-2024"]
[Site "Chess.com"]
[Date "2024.06.18"]
[Round "11"]
[White "crazycheesecake"]
[Black "probablybad04"]
[Result "0-1"]
[WhiteElo "2074"]
[BlackElo "2453"]
[TimeControl "180+1"]
[EndTime "16:06:51 PDT"]
[Termination "probablybad04 won on time"]

1. Nf3 Nf6 2. c4 g6 3. g3 Bg7 4.
Bg2 O-O 5. O-O c6 6. b3 d5 7. Bb2 Bf5 8. d3 Nbd7 9. Nbd2 Re8 10. Rc1 e5 11. cxd5 cxd5 12. b4 a5 13. a3 Qb6 14. Qb3 axb4 15. axb4 Bf8 16. Rb1 Rac8 17.
Rfc1 Ng4 18. e3 Ngf6 19. Ba3 Qb5 20. Bf1 Qb6 21. Nh4 Be6 22. Nhf3 h6 23. Qb2 Bd6 24. d4 e4 25. Ne5 Ng4 26. Nxg4 Bxg4 27. Qb3 Be6 28.
Qa4 Ra8 29. Qb3 Rec8 30. Rxc8+ Rxc8 31. Qb2 h5 32. Bg2 h4 33. Bf1 hxg3 34. hxg3 Qc7 35. Rc1 Qxc1 36. Qxc1 Rxc1 37. Bxc1 Bxb4 38. Bb5 Nb6 39.
Nb3 Bd7 40. Bxd7 Nxd7 41. Bb2 Kf8 42. Kf1 Ke7 43. Ke2 Kd6 44. Nc1 Kc6 45. Na2 Kb5 46.
Nc3+ Bxc3 47. Bxc3 Kc4 48. Ba5 b5 49. Kd2 b4 50.
Kc2 b3+ 51. Kb2 Nf6 52. Be1 Ng4 0-1

[Event "Late-Titled-Tuesday-Blitz-June-18-2024"]
[Site "Chess.com"]
[Date "2024.06.18"]
[Round "11"]
[White "unkiyto"]
[Black "RebecaJimnz"]
[Result "1-0"]
[WhiteElo "2588"]
[BlackElo "2285"]
[TimeControl "180+1"]
[EndTime "16:06:52 PDT"]
[Termination "unkiyto won by checkmate"]

1. e4 c5 2. Nf3 Nc6 3. d4 cxd4 4. Nxd4 g6 5. c4 Nf6 6. Nc3 d6 7. Be2 Nxd4 8. Qxd4 Bg7 9. Be3 O-O 10. Qd3 Be6 11. O-O Qa5 12. f4 Rfc8 13. b3 Ng4 14.
Bd4 Bxd4+ 15. Qxd4 Qc5 16. Qxc5 Rxc5 17. b4 Rc7 18. f5 Bxc4 19. Bxg4 Bxf1 20. Nd5 Rc4 21.
Kxf1 Rxe4 22. Bf3 Re5 23. fxg6 hxg6 24. Rc1 a5 25. b5 e6 26. Nb6 Rd8 27. a4 d5 28. Rc7 d4 29. Nc4 Rf5 30. Rxb7 d3 31. Nd2 Rf4 32. Ra7 Rxa4 33. b6 Kf8 34. b7 Rb4 35.
Rxa5 Rb2 36. Ke1 Ke7 37. Ra8 e5 38. Rxd8 Kxd8 39. Nc4 Rb1+ 40. Kd2 f6 41. Kxd3 Ke7 42. Na5 f5 43. Nc6+ Kd6 44. b8=Q+ Rxb8 45. Nxb8 e4+ 46. Bxe4 fxe4+ 47. Kxe4 Ke6 48. Nc6 g5 49. Nd4+ Kf6 50. h3 Kg6 51. Nf3 Kh5 52. Kf5 Kh6 53. Nxg5 Kh5 54.
Nf3 Kh6 55. g4 Kh7 56. h4 Kh6 57. g5+ Kh5 58. g6 Kh6 59. Kf6 Kh5 60. g7 Kh6 61.
g8=Q Kh5 62. Qg5# 1-0

[Event "Late-Titled-Tuesday-Blitz-June-18-2024"]
[Site "Chess.com"]
[Date "2024.06.18"]
[Round "11"]
[White "MagnusCarlsen"]
[Black "vladislavkovalev"]
[Result "1-0"]
[WhiteElo "3180"]
[BlackElo "2895"]
[TimeControl "180+1"]
[EndTime "16:06:53 PDT"]
[Termination "MagnusCarlsen won on time"]

1. Nf3 Nf6 2. g3 e6 3. Bg2 d5 4. O-O Be7 5. c4 O-O 6. b3 b6 7. Bb2 Bb7 8. e3 dxc4 9. bxc4 c5 10. Qe2 Nc6 11. Nc3 a6 12. Rac1 Qc7 13. Rfd1 Rfd8 14. d4 cxd4 15. exd4 Na5 16. Nb1 Rac8 17. Nbd2 Bxf3 18. Bxf3 Bb4 19. Ne4 Nxe4 20. Bxe4 Nxc4 21. d5 exd5 22. Rxd5 Rxd5 23. Bxd5 b5 24. Bxc4 bxc4 25.
Bxg7 Kxg7 26. Qb2+ c3 27. Qxb4 c2 28. Qd4+ f6 29.
Qg4+ Kh8 30. Qe6 Kg7 31. Qxa6 Qc3 32. Qe2 Qb2 33. Qd2 Rc7 34. a4 Qa2 35. a5 Qb2 36. a6 Qa2 37. h4 Qxa6 38. Rxc2 Qa1+ 39. Kh2 Qa8 40. Rxc7+ 1-0

[Event "Late-Titled-Tuesday-Blitz-June-18-2024"]
[Site "Chess.com"]
[Date "2024.06.18"]
[Round "11"]
[White "shirovin"]
[Black "KorolDimitriy75"]
[Result "0-1"]
[WhiteElo "2104"]
[BlackElo "2432"]
[TimeControl "180+1"]
[EndTime "16:06:54 PDT"]
[Termination "KorolDimitriy75 won on time"]

1. g3 c5 2. Bg2 g6 3. e4 Bg7 4. f4 Nc6 5. Nf3 d6 6. O-O e5 7. d3 Nge7 8. Nc3 Nd4 9. Nxd4 cxd4 10. Ne2 O-O 11. Kh1 Be6 12. Ng1 Qd7 13. Nf3 h6 14. Bd2 Rac8 15. fxe5 dxe5 16. a3 Qb5 17. b4 Qa4 18. c4 Qxd1 19. Raxd1 Kh7 20. h3 b6 21. g4 f5 22. gxf5 gxf5 23. exf5 Bxf5 24. Be1 Ng6 25. Bg3 e4 26. dxe4 Bxe4 27. Nd2 Bc2 28. Rde1 d3 29. Bd5 Bc3 30. Rxf8 Rxf8 31. Rg1 Bxd2 32. Be4 Rf6 33.
Bh4 Re6 34. Bf5 Rd6 35. Be7 Rc6 36. Be4 Re6 37. Bf5 Rxe7 38. Bxg6+ Kh8 39. Rg2 Be3 40.
Bf5 Bb1 41. Rb2 Bc2 0-1

[Event "Late-Titled-Tuesday-Blitz-June-18-2024"]
[Site "Chess.com"]
[Date "2024.06.18"]
[Round "11"]
[White "dolynachess"]
[Black "Colombiano07"]
[Result "1-0"]
[WhiteElo "2532"]
[BlackElo "2337"]
[TimeControl "180+1"]
[EndTime "16:06:56 PDT"]
[Termination "dolynachess won by checkmate"]

1. d4 d5 2. c4 e6 3. Nf3 Nf6 4. g3 Be7 5. Bg2 O-O 6. O-O dxc4 7. Ne5 Nc6 8. Nxc6 bxc6 9. Na3 Bxa3 10. bxa3 Ba6 11.
Qd2 Nd5 12. Qa5 Qc8 13. a4 Rb8 14. Ba3 Rd8 15. Rfc1 Qb7 16. Bc5 c3 17. e4 Nf6 18. Rxc3 Qb2 19. Rac1 Bd3 20. f3 Qd2 21. Qxc7 Rdc8 22. Qf4 Rb2 23. Qxd2 Rxd2 24. Bxa7 Ra8 25. Rxc6 h5 26. Rc8+ Rxc8 27. Rxc8+ Kh7 28. Rc3 Ba6 29. Bh3 Rxa2 30. Bc5 Rxa4 31. Rc2 Rc4 32. Rxc4 Bxc4 33. Kf2 g5 34. Bg2 g4 35. f4 Bd3 36. Ke3 Bb1 37.
Be7 Nd7 38. d5 Kg6 39. d6 Bc2 40. e5 Ba4 41. Bb7 Kf5 42. Be4# 1-0

[Event "Late-Titled-Tuesday-Blitz-June-18-2024"]
[Site "Chess.com"]
[Date "2024.06.18"]
[Round "11"]
[White "amylazy"]
[Black "dosto07"]
[Result "1-0"]
[WhiteElo "2496"]
[BlackElo "2581"]
[TimeControl "180+1"]
[EndTime "16:06:59 PDT"]
[Termination "amylazy won on time"]

1. d4 d5 2. Nf3 Nf6 3. c4 dxc4 4. e3 e6 5. Bxc4 c5 6. O-O a6 7. a4 Nc6 8. Nc3 cxd4 9. exd4 Be7 10. Bf4 O-O 11.
Rc1 Nb4 12. h3 Bd7 13. Ne5 Rc8 14. Bb3 Bc6 15. Nxc6 bxc6 16. Qe2 a5 17. Rfd1 Nbd5 18. Be5 Bd6 19. Ne4 Nxe4 20. Qxe4 Rb8 21. Rxc6 Bxe5 22. Bxd5 exd5 23. Qxe5 Rxb2 24. Rc5 g6 25. Rxd5 Qh4 26.
Rf1 Rc8 27. Rxa5 Ra2 28. Ra7 Qd8 29. d5 Qe8 30. Qf4 Rd8 31. d6 Re2 32. Qd4 Re1 33. d7 Qe6 34. Rxe1 Qxe1+ 35. Kh2 Qe6 36. g3 h5 37. h4 Kh7 38. Rc7 Qf5 39. Qf4 Qe6 40.
Qd2 Qf5 41. a5 Qb5 42. Qd6 Qxa5 43. Rc8 Qa2 44. Kg2 Qa5 45. Rxd8 Qxd8 46. Qc6 Qe7 47. Kh2 Qe2 48. d8=Q Qxf2+ 49. Qg2 Qe3 50. Qg5 Qe6 51. Qf2 Qe8 52. Qgf6 Kg8 53. Q2b2 1-0

[Event "Late-Titled-Tuesday-Blitz-June-18-2024"]
[Site "Chess.com"]
[Date "2024.06.18"]
[Round "11"]
[White "sansanathalia"]
[Black "divudis17"]
[Result "1/2-1/2"]
[WhiteElo "2433"]
[BlackElo "2336"]
[TimeControl "180+1"]
[EndTime "16:07:01 PDT"]
[Termination "Game drawn by repetition"]

1. e4 c5 2. Nf3 d6 3. d4 cxd4 4. Qxd4 Nc6 5. Bb5 Bd7 6. Bxc6 Bxc6 7. Nc3 Nf6 8. Bg5 e6 9. O-O-O Be7 10. Rhe1 Qa5 11.
Qd2 O-O 12. Kb1 Qc7 13. Nd4 Rad8 14. f3 a6 15. g4 b5 16. Nce2 Bb7 17. Ng3 Rd7 18.
Nh5 Nxh5 19. gxh5 Bxg5 20. Qxg5 Qc5 21. Qg4 Rc8 22. Rg1 g6 23. hxg6 hxg6 24. c3 Kf8 25.
Nxe6+ fxe6 26. Qxe6 Rf7 27. Rxg6 Qe5 28. Qg4 Rc4 29.
Rdxd6 Bxe4+ 30. fxe4 Rf1+ 31. Kc2 Qxh2+ 32. Kb3 Rxc3+ 33.
Kxc3 Rc1+ 34. Kd4 Qd2+ 35. Ke5 Qxb2+ 36. Ke6 Qxa2+ 37. Rd5 Rc6+ 38. Kf5 Qf2+ 39. Kg5 Qe3+ 40. Kf5 Qf2+ 41. Ke5 Qb2+ 42. Kf5 Qf2+ 1/2-1/2

[Event "Late-Titled-Tuesday-Blitz-June-18-2024"]
[Site "Chess.com"]
[Date "2024.06.18"]
[Round "11"]
[White "Mikhail_Golubev"]
[Black "DanylaBagrov"]
[Result "0-1"]
[WhiteElo "2662"]
[BlackElo "2557"]
[TimeControl "180+1"]
[EndTime "16:07:05 PDT"]
[Termination "DanylaBagrov won on time"]

1. e4 c5 2. Nf3 a6 3. c3 d5 4. exd5 Qxd5 5. d4 Nf6 6. Na3 e6 7. Bd3 cxd4 8. cxd4 Nc6 9. O-O Be7 10. Nc4 Qd8 11.
Nce5 Bd7 12. Bg5 O-O 13. Rc1 h6 14. Bh4 Nd5 15. Bxe7 Ncxe7 16. Bb1 Rc8 17. Qd3 Nf5 18. Nxd7 Qxd7 19. g4 Qd6 20. gxf5 Rxc1 21. Rxc1 Qf4 22. Qd1 Qg4+ 23. Kh1 Nf4 24. Ne1 Qg5 25. Rc3 exf5 26. Rg3 Qf6 27. Ng2 Nd5 28. Ne3 Nxe3 29. fxe3 f4 30.
Rf3 Re8 31. e4 g5 32. e5 Qc6 33. Kg1 Rd8 34. Qd2 Qxf3 35. Qc2 Qe3+ 36. Kf1 Qf3+ 37.
Kg1 Qe3+ 38. Kf1 Qxd4 39. Qh7+ Kf8 40. Qh8+ Ke7 41. Qf6+ Kd7 42. Bf5+ Kc7 43. Qe7+ Kb6 0-1

[Event "Late-Titled-Tuesday-Blitz-June-18-2024"]
[Site "Chess.com"]
[Date "2024.06.18"]
[Round "11"]
[White "Orest_Vovk"]
[Black "Chempiblinka"]
[Result "0-1"]
[WhiteElo "2562"]
[BlackElo "2419"]
[TimeControl "180+1"]
[EndTime "16:07:07 PDT"]
[Termination "Chempiblinka won on time"]

1. g4 d5 2. h3 e5 3. Bg2 c5 4. c4 Nc6 5. Bxd5 Nf6 6. Bg2 Be7 7. Bxc6+ bxc6 8. Qa4 O-O 9. d3 Rb8 10. Nc3 Qc7 11. Nf3 Be6 12. g5 Nh5 13. Ne4 Nf4 14. Bxf4 exf4 15. O-O-O Rb4 16. Qc2 Rfb8 17.
b3 a5 18. Kd2 a4 19. Rb1 Qa5 20. Kd1 axb3 21. axb3 Qa3 22. Nfd2 Bf5 23. Qb2 Qa7 24.
h4 Bxe4 25. dxe4 Rd8 26. Ke1 Qd7 27. f3 Rb7 28. Rd1 Qe6 29. Nb1 Rdb8 30. Rd3 Bd6 31. Nd2 Be5 32. Qa2 Bd4 33. Kf1 Qe7 34. Kg2 Ra7 35.
Qc2 Rba8 36. b4 Ra2 37. Qd1 h6 38. bxc5 Bxc5 39. Nb3 Be3 40. Rd7 Qe6 41. Rd8+ Kh7 42. Rxa8 Rxa8 43. Qd3 Qe5 44. c5 Ra2 45. gxh6 gxh6 46.
h5 Ra8 0-1

[Event "Late-Titled-Tuesday-Blitz-June-18-2024"]
[Site "Chess.com"]
[Date "2024.06.18"]
[Round "11"]
[White "Sic_Transit_GM"]
[Black "Nicolik"]
[Result "1-0"]
[WhiteElo "2549"]
[BlackElo "2621"]
[TimeControl "180+1"]
[EndTime "16:07:08 PDT"]
[Termination "Sic_Transit_GM won by checkmate"]

1. Nf3 d5 2. e3 Nf6 3. c4 e6 4. b3 Bd6 5. Bb2 O-O 6. Nc3 b6 7.
g3 Bb7 8. Bg2 c5 9. O-O Nc6 10.
cxd5 exd5 11. d4 c4 12. bxc4 dxc4 13. e4 Bb4 14. d5 Ne7 15. Re1 Ng6 16. a3 Bc5 17. h3 Re8 18. Qc2 Rc8 19. Rad1 a5 20.
Na4 b5 21. Nxc5 Rxc5 22. Qc3 Qb6 23. Qc2 b4 24. Bd4 c3 25. h4 Rec8 26. Bxc5 Rxc5 27.
Rb1 Nd7 28. axb4 axb4 29. Qa4 Rb5 30. Bf1 c2 31. Qxb5 cxb1=Q 32. Rxb1 Qc7 33. Rxb4 Bc8 34. Rc4 Qd8 35. Qc6 Nb6 36. Rb4 Nd7 37. Ba6 Ne7 38.
Qa8 Nb6 39. Qa7 Bxa6 40. Qxb6 Qc8 41. Qb8 h6 42. Qxc8+ Nxc8 43. Ra4 Bb5 44. Ra8 Bd7 45. Ne5 Bh3 46. g4 f6 47. Rxc8+ Kh7 48. Nc6 Bxg4 49. Rd8 f5 50. d6 fxe4 51. Nd4 e3 52. fxe3 g5 53.
Re8 gxh4 54. d7 Bxd7 55. Re7+ Kg6 56. Rxd7 Kg5 57. Kh2 Kg4 58. Rg7+ Kh5 59. Ne2 h3 60. Nf4+ Kh4 61. Rd7 h5 62. Nxh3 Kg4 63. Rd4+ Kf5 64. Rf4+ Kg6 65. Kg3 Kh6 66. Kh4 Kg7 67. Kg5 Kg8 68.
Rb4 Kh8 69. Rb7 Kg8 70. Kf6 Kh8 71. Kg6 Kg8 72. Rb8# 1-0

[Event "Late-Titled-Tuesday-Blitz-June-18-2024"]
[Site "Chess.com"]
[Date "2024.06.18"]
[Round "11"]
[White "IMRosen"]
[Black "Maus7"]
[Result "0-1"]
[WhiteElo "2753"]
[BlackElo "2655"]
[TimeControl "180+1"]
[EndTime "16:07:11 PDT"]
[Termination "Maus7 won by checkmate"]

1. e4 c5 2. Nc3 a6 3. g3 b5 4.
Bg2 Bb7 5. d3 e6 6. Nh3 Nf6 7.
O-O d6 8. f4 Nbd7 9. f5 e5 10. g4 h6 11. Be3 Be7 12. Nf2 Nb6 13. a4 b4 14. Ne2 a5 15. Ng3 Qc7 16. c3 d5 17. c4 dxc4 18. dxc4 Nxc4 19. Bc1 Nb6 20.
b3 c4 21. bxc4 Nxc4 22. Qc2 Rc8 23. Qe2 Ba6 24. Rd1 Qb6 25. Qf3 O-O 26. g5 hxg5 27. Bxg5 Rfd8 28. Rdc1 b3 29. Rab1 b2 30. Rc2 Nd2 31.
Rxd2 Rc1+ 32. Bf1 Rxd2 33. Bxd2 Rxb1 34. Be3 Qb7 35. Kg2 Rxf1 36. Nxf1 Bxf1+ 37. Kxf1 b1=Q+ 38. Kg2 Nxe4 39. Ng4 Nf6 40. Nxe5 Qxf3+ 41. Nxf3 Qxf5 42. h3 Nd5 43. Bd2 Qe4 44. Kf2 Bc5+ 45. Kg3 Bd6+ 46.
Kf2 Bf4 47. Bxf4 Qxf4 48. h4 Qxa4 49. h5 Qg4 50. h6 gxh6 51. Ne1 Qf4+ 52. Kg1 Qg3+ 53.
Kf1 Nf4 54. Ng2 Qxg2+ 55. Ke1 Qe2# 0-1

[Event "Late-Titled-Tuesday-Blitz-June-18-2024"]
[Site "Chess.com"]
[Date "2024.06.18"]
[Round "11"]
[White "Hakiki_satranc"]
[Black "carloseduar100"]
[Result "0-1"]
[WhiteElo "2411"]
[BlackElo "2270"]
[TimeControl "180+1"]
[EndTime "16:07:11 PDT"]
[Termination "carloseduar100 won on time"]

1. e4 e6 2. d3 d5 3. Nd2 Nf6 4. Ngf3 c5 5. g3 Nc6 6. Bg2 Be7 7. O-O h5 8. Re1 b5 9. c3 a5 10. a3 Bb7 11. Qc2 b4 12. axb4 axb4 13. Rxa8 Qxa8 14.
exd5 bxc3 15. bxc3 Nxd5 16. Nc4 h4 17. d4 cxd4 18. cxd4 hxg3 19. hxg3 Ndb4 20. Qd1 Kf8 21. Nb6 Qd8 22. Na4 Qa5 23. Ba3 Qh5 24. Bxb4 Nxb4 25.
Nc5 Bd5 26. Nh4 Bxh4 27. Qxh5 Rxh5 28. gxh4 Rxh4 29. Bxd5 Nxd5 30. Ra1 Rxd4 31. Ra8+ Ke7 32. Ra7+ Kf6 33. Nd7+ Kf5 34. Nf8 Rg4+ 35. Kf1 f6 36.
Ra6 Nf4 37. Nd7 e5 38. Nc5 Rh4 39. f3 Rh2 40. Ne4 Rb2 41. Ra7 Ne6 42. Ra6 Nd4 43. Ra7 Nxf3 44. Ng3+ Kf4 45. Rxg7 f5 46. Nh5+ Ke3 47. Rg2 Rxg2 48. Kxg2 f4 49. Kf1 e4 50. Nf6 Nd2+ 51. Ke1 f3 0-1

[Event "Late-Titled-Tuesday-Blitz-June-18-2024"]
[Site "Chess.com"]
[Date "2024.06.18"]
[Round "11"]
[White "sammartin99"]
[Black "King_Deded4d5"]
[Result "0-1"]
[WhiteElo "2377"]
[BlackElo "2509"]
[TimeControl "180+1"]
[EndTime "16:07:17 PDT"]
[Termination "King_Deded4d5 won on time"]

1. d4 d5 2. c4 e6 3. Nc3 c6 4.
e3 f5 5. Nf3 Nf6 6. g3 Nbd7 7.
Bg2 Bd6 8. O-O O-O 9. b3 Ne4 10. Ne2 g5 11. Bb2 Qf6 12. Nc1 g4 13. Ne5 Nxe5 14.
dxe5 Bxe5 15. Bxe5 Qxe5 16. Nd3 Qg7 17. cxd5 exd5 18.
Rc1 Bd7 19. b4 h5 20. b5 h4 21. bxc6 bxc6 22. Nf4 Rae8 23. Qd3 hxg3 24. hxg3 Re7 25. Bxe4 fxe4 26. Qd4 Qxd4 27. exd4 Kg7 28. Ng2 Rf3 29. Ne3 Kg6 30. Rc5 Rh7 31. Rb1 Rf8 32. Rb7 a6 33.
Ra7 Rfh8 34. Kf1 Kf6 35. Rxa6 Ke7 36. Ra7 Kd6 37. a4 Rh1+ 38. Ke2 Ra1 39. Ra6 Rb8 40.
Rxd5+ Kc7 41. Rc5 Rb4 42. d5 Kd6 43. dxc6 Kxc5 44. cxd7 Rd4 45. Ra7 Ra2+ 46. Kf1 Rad2 0-1

[Event "Late-Titled-Tuesday-Blitz-June-18-2024"]
[Site "Chess.com"]
[Date "2024.06.18"]
[Round "11"]
[White "Supergiuly"]
[Black "safikiet"]
[Result "1-0"]
[WhiteElo "2370"]
[BlackElo "2443"]
[TimeControl "180+1"]
[EndTime "16:07:24 PDT"]
[Termination "Supergiuly won on time"]

1. g3 g6 2. Bg2 Bg7 3. Nf3 Nf6 4. O-O O-O 5. d4 d6 6. c4 Nbd7 7. Nc3 e5 8. e3 Re8 9. b3 a5 10. Bb2 c6 11. Qc2 e4 12. Nd2 d5 13.
cxd5 cxd5 14. Nb5 Ra6 15. Qc7 Rc6 16. Qxd8 Rxd8 17. Ba3 Bf8 18. Bxf8 Kxf8 19. Rac1 Nb6 20. Rxc6 bxc6 21. Na7 Bd7 22. Rc1 Ra8 23. Rxc6 Bxc6 24.
Nxc6 a4 25. b4 Nc4 26. Nxc4 dxc4 27. Kf1 a3 28. Ke2 Nd5 29. Kd2 Ra4 30. b5 f5 31. Ne5 Rb4 32. Bf1 Rb2+ 33. Kc1 Nc3 34.
Bxc4 Nxa2+ 35. Bxa2 Rxa2 36. b6 Rb2 37. Nc4 Rb4 38.
Nxa3 Rxb6 39. Kc2 Ke7 40. Nc4 Ra6 41. Kd2 Ke6 42. Ke2 Kd5 43. Ne5 Ra2+ 44. Kf1 Ra7 45. Kg2 g5 46. Kh3 Rc7 47. Kg2 f4 48. gxf4 gxf4 49. Ng4 Rg7 50. Kh3 fxe3 51. fxe3 Ke6 52. Kh4 Kf5 53. Nh6+ Ke6 54. Ng4 Kd5 55. Nf6+ Kc4 56.
Nxe4 Kd3 57. Nd6 Rf7 58. e4 1-0

[Event "Late-Titled-Tuesday-Blitz-June-18-2024"]
[Site "Chess.com"]
[Date "2024.06.18"]
[Round "11"]
[White "Polish_fighter3000"]
[Black "Zhigalko_Sergei"]
[Result "0-1"]
[WhiteElo "3080"]
[BlackElo "2988"]
[TimeControl "180+1"]
[EndTime "16:07:26 PDT"]
[Termination "Zhigalko_Sergei won on time"]

1. e4 c5 2. Nf3 Nc6 3. Bb5 Nf6 4. Bxc6 dxc6 5. d3 Bg4 6. Nbd2 Qc7 7. h3 Bh5 8. a4 Nd7 9. O-O e6 10.
a5 Be7 11. Nc4 O-O 12. g4 Bg6 13. Qe2 b5 14. Ne3 Rae8 15. Ng2 f6 16. b3 Bd6 17. Nfh4 Bf7 18. f4 c4 19. bxc4 bxc4 20.
Be3 Rb8 21. Qf2 c5 22. Rfc1 Rfd8 23. Nf3 e5 24. f5 cxd3 25. cxd3 Rb3 26. Nge1 c4 27.
Bxa7 Ra8 28. Bb6 Qb7 29. Be3 cxd3 30. Nd2 Ra3 31. Rxa3 Bxa3 32. Rc3 Bb4 33. Rxd3 Rxa5 34. g5 Ra2 35. gxf6 Nxf6 36. Rd8+ Be8 37. Nef3 Ba5 38.
Rxe8+ Nxe8 39. Nxe5 Bxd2 40. Bxd2 Qxe4 41. Nf3 Qxf5 42. Qe3 Qg6+ 43. Kh1 Nf6 44. Qb3+ Qf7 45. Qb8+ Qf8 46. Qb3+ Qf7 47. Qb8+ Ne8 48. Kg2 h6 49. Qe5 Nf6 50. Qb8+ Kh7 51. Qe5 Qg6+ 52. Kh1 Ne4 0-1

[Event "Late-Titled-Tuesday-Blitz-June-18-2024"]
[Site "Chess.com"]
[Date "2024.06.18"]
[Round "11"]
[White "NailBashirli"]
[Black "Journey_to_GrandMaster_YT"]
[Result "1-0"]
[WhiteElo "2750"]
[BlackElo "2621"]
[TimeControl "180+1"]
[EndTime "16:07:29 PDT"]
[Termination "NailBashirli won on time"]

1. e4 d6 2. Nc3 Nf6 3. d4 e5 4.
dxe5 dxe5 5. Qxd8+ Kxd8 6. Be3 Nbd7 7. O-O-O c6 8. Bc4 Ke8 9. a3 b5 10. Bb3 Bc5 11. Bxc5 Nxc5 12. Nf3 Ng4 13. Rd6 Nxb3+ 14. cxb3 Be6 15. h3 Ke7 16. Rxe6+ Kxe6 17. hxg4 f6 18. Ne1 Rad8 19. Kc2 Rd4 20. Nd3 Rhd8 21. Rh3 a5 22. Re3 Kf7 23. b4 axb4 24. axb4 Kg6 25. b3 Kg5 26. Ne2 R4d7 27. f3 Ra7 28. Kc3 Ra1 29. Nc5 Rdd1 30. g3 Kg6 31. f4 Ra2 32. fxe5 fxe5 33.
Nd3 Rdd2 34. Nxe5+ Kf6 35. Nd3 Rac2+ 36. Kd4 Rxe2 37.
e5+ Ke7 38. Rf3 Rcd2 39. Kc5 Re4 40. Kxc6 Rxg4 41. Nf4 Rd4 42. Kc5 Re4 43. Nd5+ Ke6 44. Nc7+ Kxe5 45. Nxb5 Rxb4 46. Na7 Rbe4 47. Nc6+ Ke6 48. b4 Rg5+ 49. Kb6 Rc4 50. b5 Rcc5 51. Nd4+ Kd5 52. Nb3 Ke4 53. Rf4+ Ke3 54. Nxc5 Rxg3 55. Rf7 Rg6+ 56. Kc7 h5 57. b6 Rxb6 58. Kxb6 g5 59. Rf5 g4 60. Rxh5 g3 61. Rg5 Kf3 62.
Nd3 g2 63. Ne1+ Kf2 64. Rxg2+ 1-0

[Event "Late-Titled-Tuesday-Blitz-June-18-2024"]
[Site "Chess.com"]
[Date "2024.06.18"]
[Round "11"]
[White "Mops_2004"]
[Black "azikom"]
[Result "0-1"]
[WhiteElo "2815"]
[BlackElo "2716"]
[TimeControl "180+1"]
[EndTime "16:07:33 PDT"]
[Termination "azikom won by resignation"]

1. g3 d5 2. Nf3 Nc6 3. d4 Bg4 4. Bg2 Qd7 5. O-O Bh3 6. c4 Bxg2 7. Kxg2 e6 8. Qa4 Nf6 9. Rd1 Be7 10. Nc3 O-O 11. Ne5 Nxe5 12. dxe5 Qxa4 13. Nxa4 Ng4 14. cxd5 Nxe5 15. dxe6 fxe6 16. Bf4 Bd6 17. Bxe5 Bxe5 18. Nc5 Rfe8 19. Rd2 b6 20. Ne4 Rad8 21.
Rad1 Rxd2 22. Rxd2 Kf7 23. b3 Ke7 24. f4 Bf6 25. g4 h6 26. Kg3 c5 27. h4 Rd8 28.
Rxd8 Kxd8 29. Nxf6 gxf6 30. g5 Ke7 31. gxh6 Kf7 32.
f5 exf5 33. h5 b5 34. Kf4 c4 35. bxc4 bxc4 36. Ke3 Kg8 37. Kd4 Kh7 38. Kxc4 Kxh6 39. Kb5 Kxh5 40. Ka6 Kg4 41. Kxa7 Kf4 42. a4 Ke3 43. a5 Kxe2 44. a6 f4 45. Kb7 f3 46. a7 f2 47. a8=Q f1=Q 48. Qa6+ Ke1 49. Qe6+ Kd2 50. Kc7 f5 51. Kd6 Qd3+ 52. Kc7 Qe4 53.
Qa2+ Qc2+ 0-1

[Event "Late-Titled-Tuesday-Blitz-June-18-2024"]
[Site "Chess.com"]
[Date "2024.06.18"]
[Round "11"]
[White "SHIVACalypso"]
[Black "KNVB"]
[Result "1-0"]
[WhiteElo "2569"]
[BlackElo "2751"]
[TimeControl "180+1"]
[EndTime "16:07:34 PDT"]
[Termination "SHIVACalypso won by checkmate"]

1. d4 e5 2. c3 Nc6 3. g3 Nf6 4. Bg2 d5 5. Nf3 e4 6. Ne5 Bd6 7. Nxc6 bxc6 8. O-O O-O 9. f3 Re8 10. fxe4 Nxe4 11. Nd2 f5 12. Nf3 Qe7 13. Bf4 g5 14.
Be5 Be6 15. Qd3 Bf7 16. Bxd6 cxd6 17. Nd2 Nxd2 18. Qxd2 Qxe2 19. Qxg5+ Bg6 20. Kh1 Qe3 21. Rf4 Kg7 22. Raf1 h6 23. Qh4 Qe7 24. Qh3 Qg5 25. g4 Re1 26. Qg3 Rxf1+ 27. Rxf1 Rd8 28. gxf5 Qxg3 29.
f6+ Kf7 30. hxg3 Re8 31. Bh3 Be4+ 32. Kh2 Rg8 33. Bd7 c5 34. Kh3 Rg6 35. Be6+ Kf8 36. Kh4 Rg5 37. g4 a5 38. f7 Rg6 39. Bd7 Rg7 40. Be8 Rg5 41. Rf6 Rg6 42. Rf4 Re6 43. g5 hxg5+ 44. Kxg5 Bg6 45. Rf6 Bxf7 46. Bxf7 Rxf6 47.
Kxf6 cxd4 48. cxd4 a4 49. Bxd5 a3 50. bxa3 Ke8 51.
a4 Kd8 52. Ke6 Kc7 53. Ke7 Kb6 54. Kxd6 Ka5 55. Kc5 Ka6 56. Bc4+ Ka5 57. Bb3 Ka6 58.
Kc6 Ka5 59. d5 Kb4 60. d6 Ka5 61. d7 Kb4 62. d8=Q Ka3 63. Qd6+ Kb2 64. Qb4 Kc1 65. a5 Kb2 66. a6 Ka1 67. a7 Kb2 68. a8=Q Ka1 69.
Qaa5 Kb2 70. Qc3+ Kb1 71. Qc2+ Ka1 72. Qac3# 1-0

[Event "Late-Titled-Tuesday-Blitz-June-18-2024"]
[Site "Chess.com"]
[Date "2024.06.18"]
[Round "11"]
[White "kleber2007"]
[Black "schondeln"]
[Result "1-0"]
[WhiteElo "2471"]
[BlackElo "2370"]
[TimeControl "180+1"]
[EndTime "16:07:34 PDT"]
[Termination "kleber2007 won on time"]

1. Nf3 d5 2. g3 Nf6 3. Bg2 c6 4. c4 Bf5 5. Qb3 Qb6 6. d3 Nbd7 7. Be3 Qxb3 8. axb3 a6 9. Nc3 e6 10. cxd5 exd5 11.
Nd4 Bg6 12. Nc2 Bd6 13. b4 Rc8 14. Na4 O-O 15. Nc5 Nxc5 16. Bxc5 Rfd8 17. Bh3 Rb8 18. Kd2 Bc7 19. Be3 Nd7 20. Bf4 Bxf4+ 21. gxf4 f6 22. Bxd7 Rxd7 23. Nd4 Re8 24. h4 h6 25. Rag1 Bh7 26.
Rg3 Kf8 27. Rhg1 Ree7 28. f5 Kg8 29. Re3 Re5 30. f4 Rxe3 31. Kxe3 Re7+ 32. Kd2 Kf7 33. Rg3 g6 34. fxg6+ Bxg6 35. Re3 Rd7 36. Ne6 Bf5 37. Nc5 Rc7 38. Kc3 Bc8 39. Kd4 b6 40. Nb3 Be6 41. Rg3 Rc8 42. Rg1 Rc7 43. Ra1 Ra7 44. Rg1 Rc7 45. Nd2 c5+ 46. bxc5 bxc5+ 47. Ke3 Bf5 48. b3 c4 49. bxc4 dxc4 50. Nxc4 Be6 51. Nd2 Rc5 52.
Ne4 Rh5 53. Ra1 Rxh4 54. Rxa6 Rh3+ 55. Kf2 Bd5 56. Rxf6+ Ke7 57. Ra6 Rh2+ 58. Ke3 Bxe4 59. dxe4 1-0